Map: Echo LE (Void)

Players

Fropez

  • Race: Protoss Protoss
  • League: Gold
  • Spawn Location: 5:00

Tuna - Winner!

  • Race: Zerg Zerg
  • League: Master
  • Spawn Location: 11:00

VOD

Have the link to the VOD?

Description

Time

  • Played on: Jan. 4, 2017, 12:06 p.m.
  • Length: 5:45
Show
View Real Time Build Order
Export as new Build Order

Fropez Protoss 

Build Orders: 1 Gate Expand 

Get SALT Encoding   

  12  0:01  Probe (Chrono Boost)  
  13  0:11  Probe (Chrono Boost)  
  14  0:22  Probe (Chrono Boost)  
  14  0:24  Pylon  
  15  0:42  Probe (Chrono Boost)  
  16  0:43  Gateway  
  16  0:48  Assimilator  
  16  0:53  Probe (Chrono Boost)  
  17  1:03  Probe (Chrono Boost)  
  18  1:16  Probe (Chrono Boost)  
  19  1:28  Nexus  
  20  1:32  Pylon, Probe (Chrono Boost)  
  20  1:39  Pylon  
  20  1:43  Probe (Chrono Boost)  
  21  1:49  Pylon  
  21  1:52  Pylon  
  21  2:00  Probe (Chrono Boost)  
  22  2:08  Assimilator  
  22  2:10  Probe (Chrono Boost)  
  23  2:18  Cybernetics Core  
  23  2:23  Gateway  
  23  2:25  Probe (Chrono Boost), Forge  
  24  2:35  Probe (Chrono Boost), Assimilator  
  25  2:45  Probe (Chrono Boost)  
  26  2:55  Probe (Chrono Boost)  
  27  2:59  Adept  
  29  3:10  Probe (Chrono Boost)  
  29  3:11  Pylon  
  32  3:21  Mothership Core (Chrono Boost)  
  32  3:26  Adept  
  36  3:31  Adept  
  36  3:33  Pylon  
  33  3:54  Probe (Chrono Boost)  
  31  4:26  Probe (Chrono Boost)  
  31  4:27  Adept  
  32  4:40  Probe (Chrono Boost)  
  25  4:52  Probe (Chrono Boost)  
  15  5:01  Stalker  
  15  5:04  Forge, Probe (Chrono Boost)  
  18  5:10  Gateway  
  18  5:13  Twilight Council  
  18  5:15  Pylon  
Show
View Real Time Build Order
Export as new Build Order

Tuna Zerg - Winner!

Build Orders: Hatch First 

Get SALT Encoding   

  12  0:02  Drone  
  13  0:15  Overlord  
  13  0:19  Drone  
  14  0:33  Drone x2  
  16  0:39  Drone  
  17  0:54  Hatchery  
  16  1:05  Drone x2  
  18  1:15  Spawning Pool  
  18  1:17  Extractor  
  16  1:19  Drone  
  16  1:24  Drone  
  18  2:03  Queen  
  18  2:04  Zergling x4  
  18  2:08  Overlord x2  
  22  2:14  Queen  
  24  2:18  Metabolic Boost  
  24  2:32  Drone x4  
  28  2:41  Zergling x4  
  30  2:50  Baneling Nest  
  29  2:55  Zergling x4  
  30  3:07  Zergling x4  
  32  3:20  Zergling x2  
  32  3:21  Zergling x4  
  34  3:36  Zergling x8  
  34  3:37  Zergling x6  
  41  3:43  Zergling x4  
  42  3:52  Zergling x2  
  41  4:05  Baneling  
  41  4:06  Baneling x3  
  41  4:09  Hatchery  
  38  4:36  Zergling x6  
  38  4:38  Zergling x6  
  43  4:42  Zergling x2  
  42  5:16  Drone  
  42  5:17  Overlord x6  
Tags
 
Add a new tag
Caveats
  • Supply blocks, unpowered buildings, or Contaminate may cause inaccurate times.
  • Supply counts are checked every 10 seconds.